 Dungeon Crawl Stone Soup version 0.21-a0-243-g597973d (webtiles) character file.

1143 Starchild the Blocker (level 8, -11/58 HPs)
             Began as a Formicid Fighter on Sept 4, 2017.
             Was an Initiate of Cheibriados.
             Killed from afar by Ijyb (16 damage)
             ... with a wand of acid (?/15)
             ... on level 4 of the Dungeon.
             The game lasted 00:14:37 (3423 turns).

Starchild the Blocker (Formicid Fighter)            Turns: 3423, Time: 00:14:38

Health: -11/58     AC:  2    Str: 22      XL:     8   Next: 64%
Magic:  0/8        EV: 10    Int: 11      God:    Cheibriados [......]
Gold:   130        SH: 11    Dex:  9 (11) Spells: 7/7 levels left

rFire    . . .     SeeInvis +   a - +0 long sword
rCold    . . .     Gourm    .   c - +0 shield
rNeg     . . .     Faith    .   b - +0 scale mail
rPois    .         Spirit   +   (helmet unavailable)
rElec    .         Reflect  .   e - scarf {Spirit}
rCorr    .         Harm     .   (no gloves)
MR       +....                  (no boots)
Stlth    ..........             (no amulet)
HPRegen  0.19/turn              l - ring of protection from magic
MPRegen  0.11/turn              n - +1 ring of evasion

@: corroded, very slow
A: permanent stasis, dig shafts and tunnels, four strong arms, antennae 3
a: Dig, Shaft Self, Bend Time, Renounce Religion


You were on level 4 of the Dungeon.
You worshipped Cheibriados.
Cheibriados was noncommittal.
You were hungry.

You visited 2 branches of the dungeon, and saw 6 of its levels.

You collected 130 gold pieces.

Inventory:

Hand Weapons
 a - a +0 long sword (weapon)
 q - a +0 hunting sling
Missiles
 j - 65 sling bullets
Armour
 b - a +0 scale mail (worn)
 c - a +0 shield (worn)
 e - a scarf of spirit shield (worn)
Jewellery
 l - a ring of protection from magic (left hand)
 n - a +1 ring of evasion (right hand)
Scrolls
 g - 2 scrolls of magic mapping {unknown}
 h - a scroll of enchant weapon {unknown}
 i - 2 scrolls of remove curse {unknown}
 k - a scroll of amnesia {unknown}
 m - a scroll of fog {unknown}
 p - 2 scrolls of teleportation {unknown}
 r - a scroll of fear {unknown}
 s - 2 scrolls of identify {unknown}
 u - 2 scrolls of blinking {unknown}
Potions
 d - a potion of might
 o - 2 potions of flight
 x - a potion of haste {unknown}
Comestibles
 f - 3 bread rations
 t - 3 chunks of flesh
 v - a fruit


   Skills:
 - Level 3.2 Fighting
 - Level 6.5 Long Blades
 - Level 3.2 Armour
 - Level 9.5 Shields
 * Level 0.2 Invocations


You had 7 spell levels left.
You didn't know any spells.

Dungeon Overview and Level Annotations

Branches:
Dungeon (5/15)             Temple (1/1) D:4

Altars:
Ashenzari
Cheibriados
Dithmenos
Fedhas
Gozag
Makhleb
Okawaru
Qazlal
Ru
Sif Muna
Trog
Uskayaw
Wu Jian
Zin
The Shining One

Annotations:
D:4 Ijyb


Innate Abilities, Weirdness & Mutations

You cannot be hasted, slowed, berserked, paralysed or teleported.
You can dig through walls and to a lower floor.
Your four strong arms can wield two-handed weapons with a shield.
You have a pair of large antennae on your head. (SInv)


Message History

You slash the orc!
You kill the orc!
Cheibriados appreciates the change of pace.
Ijyb zaps a wand.
The bolt of acid hits you! The acid corrodes you!
You are splashed with acid!
The acid burns!
You barely miss the orc. You block the orc's attack.
An orc wizard comes into view. It is wielding a dagger.
Your scale mail prevents you from hitting the orc.
The orc priest shouts!
The orc wizard shouts!
The orc wizard moves out of view.
The orc barely misses you.
You hit the orc but do no damage. The orc hits you with a short sword!
You hit the orc.
The orc is heavily wounded.
Ijyb screams, "Get away!"
Ijyb zaps a wand.
The bolt of acid hits you!
You are splashed with acid!
The acid burns!
* * * LOW HITPOINT WARNING * * *
The orc barely misses you.
Ijyb zaps a wand.
The bolt of acid hits you!
You die...

..o.......#.#...#
..........g.#...#
..........##....#
........)......#.#
......[......##.# .#
......o.....##..# .#
##.......##.##.####### .#
##.###.#o..#..##....####.#
##.##.o.)@.....[.#[.......
###[.....#.#...#####........
#............#g#####........
#.###.....#.......#.........
#.#############.......... ####
#.#8.........8#.######.##
......##.#....⌠.⌠....#...####.##
.........#..>.....>..#..........
#..#####.#....⌠.⌠....#.##.......


You could see Ijyb, an orc priest, an orc wizard and an orc.

Vanquished Creatures
  Grinder (D:5)
  Sigmund (D:2)
  Menkaure (D:4)
  A sky beast (D:4)
  A centaur (D:5)
  2 howler monkeys (D:5)
  2 crimson imps
  A hound (D:4)
  2 orc priests (D:5)
  2 orc wizards (D:5)
  3 worker ants
  4 gnolls
  7 adders
  An ooze (D:1)
  A worm (D:3)
  A dart slug (D:1)
  A leopard gecko (D:3)
  12 orcs
  8 bats
  2 giant cockroaches
  4 goblins
  7 hobgoblins
  3 jackals (D:3)
  2 kobolds (D:1)
  2 quokkas (D:3)
  A ball python (D:2)
  3 frilled lizards
  A jackal skeleton (D:4)
  A quokka skeleton (D:5)
  2 rats
80 creatures vanquished.

Notes
Turn   | Place    | Note
-------+----------+-------------------------------------------
     0 | D:1      | Starchild the Formicid Fighter began the quest for the Orb.
     0 | D:1      | Reached XP level 1. HP: 18/18 MP: 1/1
    60 | D:1      | Reached skill level 4 in Shields
    64 | D:1      | Reached XP level 2. HP: 24/24 MP: 2/2
   531 | D:1      | Reached XP level 3. HP: 29/29 MP: 3/3
   735 | D:2      | Reached skill level 5 in Shields
  1018 | D:2      | Noticed Sigmund
  1038 | D:2      | Killed Sigmund
  1038 | D:2      | Reached skill level 7 in Shields
  1038 | D:2      | Reached XP level 4. HP: 14/35 MP: 1/4
  1038 | D:2      | Reached XP level 5. HP: 16/41 MP: 1/5
  1392 | D:2      | Reached XP level 6. HP: 47/47 MP: 6/6
  1734 | D:3      | Reached skill level 8 in Shields
  2277 | D:4      | Found a staircase to the Ecumenical Temple.
  2302 | D:4      | Reached XP level 7. HP: 47/52 MP: 5/7
  2346 | D:4      | Noticed Menkaure
  2350 | D:4      | Killed Menkaure
  2350 | D:4      | Reached skill level 9 in Shields
  2400 | D:5      | Entered Level 5 of the Dungeon
  2427 | D:5      | Noticed Grinder
  2638 | D:5      | Reached XP level 8. HP: 26/58 MP: 3/8
  2835 | D:4      | Noticed Ijyb
  2871 | D:5      | Killed Grinder
  2871 | D:5      | Reached skill level 5 in Long Blades
  3329 | Temple   | Entered the Ecumenical Temple
  3345 | Temple   | Became a worshipper of Cheibriados the Contemplative
  3423 | D:4      | Killed from afar by Ijyb

Vault maps used:
D:1:      dpeg_arrival_lava_altar
D:2:      first_bread, uniq_sigmund
D:3:      minmay_splitting_lines
D:4:      gammafunk_temple_overflow_forgotten, marbit_many_paths, minitemple,
          minmay_temple_entry_from_below_b, ashenzari_altar_1, uniq_menkaure,
          uniq_ijyb
D:5:      uniq_grinder
Temple:   minmay_freezing_vapour_temple

Skill      XL: |  1  2  3  4  5  6  7  8 |
---------------+-------------------------+-----
Shields        | 4 7 8 9 |  9.5
Long Blades    | 4 6 |  6.5
Fighting       | |  3.2
Armour         | |  3.2
Invocations    | |  0.2

Action                   |  1- 3 |  4- 6 |  7- 9 || total
-------------------------+-------+-------+-------++-------
Melee: Long sword        |    96 |   115 |   160 ||   371
 Abil: Dig               |       |       |     5 ||     5
  Use: Potion            |       |       |     6 ||     6
  Eat: Chunk             |       |     5 |     4 ||     9
Armor: Scale mail        |    36 |    32 |    33 ||   101
Dodge: Dodged            |    29 |    40 |    62 ||   131
Block: Shield            |    52 |    68 |    86 ||   206
       Rpst.: Long sword |     7 |    16 |    12 ||    35

Table legend:
 A = Spawn XP
 B = Non-spawn XP
 C = Spawn XP percentage of total XP
 D = Spawn monster count
 E = Non-spawn monster count
 F = Spawn count percentage of total count
 G = Total turns spent on level
                    A         B        C        D         E        F      G
               +---------+---------+-------+---------+---------+-------+---------
         Total |      35 |    1599 |   2.1 |       9 |      71 |  11.2 |  3423
               +---------+---------+-------+---------+---------+-------+---------
           D:1 |      12 |      22 |  35.3 |       4 |      11 |  26.7 |   701
           D:2 |       0 |     268 |   0.0 |       0 |      12 |   0.0 |   884
           D:3 |      13 |     174 |   7.0 |       1 |      23 |   4.2 |   665
           D:4 |      10 |     342 |   2.8 |       4 |      10 |  28.6 |   581
           D:5 |       0 |     793 |   0.0 |       0 |      15 |   0.0 |   570
               +---------+---------+-------+---------+---------+-------+---------
